 Dungeon Crawl Stone Soup version 0.28.0-53-g5a82cb258f (webtiles) character file.

Game seed: 238192043034640241

25982 cbfl8 the Fighter (level 12, -4/113 HPs)
             Began as a Minotaur Berserker on July 27, 2022.
             Was an Elder of Trog.
             Succumbed to Nessos's poison
             ... on level 12 of the Dungeon.
             The game lasted 00:23:59 (19913 turns).

cbfl8 the Fighter (Minotaur Berserker)             Turns: 19913, Time: 00:24:00

Health: -4/113     AC: 18    Str: 23    XL:     12   Next: 94%
Magic:  11/11      EV: 10    Int:  7    God:    Trog [****..]
Gold:   1304       SH:  0    Dex: 14    Spells: 11/11 levels left

rFire   . . .      SeeInvis .   I - +0 battleaxe
rCold   + . .      Faith    .   (shield currently unavailable)
rNeg    . . .      Spirit   .   G - +0 plate armour
rPois   .          Reflect  .   (helmet restricted)
rElec   .          Harm     .   t - +1 cloak of Filth {rC+ Will+ Int+3}
rCorr   .          Rampage  .   (no gloves)
Will    +++..                   F - +0 pair of boots
Stlth   ..........              (no amulet)
HPRegen 1.28/turn               (no ring)
MPRegen 0.12/turn               (no ring)

@: lethally poisoned (-4 -> -19), strong-willed, regenerating
A: horns 2, retaliatory headbutt
a: Renounce Religion, Berserk, Trog's Hand, Brothers in Arms


You were on level 12 of the Dungeon.
You worshipped Trog.
Trog was greatly pleased with you.
You visited 1 branch of the dungeon, and saw 15 of its levels.

You collected 1304 gold pieces.

Inventory:

Hand Weapons
 o - the +10 mace "Widowermaker" {drain, Dex+4}
   (You found it on level 2 of the Dungeon)

   A truly terrible weapon, it drains the life of any living foe it strikes.
   Dex:       It affects your dexterity (+4).
 q - the +3 mace "Acwyup" {vorpal, Will+ Str+3 Stlth+}
   (You found it on level 2 of the Dungeon)

   It inflicts extra damage upon your enemies.
   Str:       It affects your strength (+3).
   Will:      It increases your willpower.
   Stlth:     It makes you more stealthy.
 H - a +3 broad axe
 I - a +0 battleaxe (weapon)
Missiles
 d - 2 throwing nets
Armour
 c - a +0 cloak
 g - an orb of light
 p - a +0 cloak
 t - the +1 cloak of Filth (worn) {rC+ Will+ Int+3}
   (You found it on level 13 of the Dungeon)

   Int:       It affects your intelligence (+3).
   rC:        It protects you from cold.
   Will:      It increases your willpower.
 F - a +0 pair of boots (worn)
 G - a +0 plate armour (worn)
Scrolls
 b - a scroll of fog {unknown}
 e - a scroll of torment {unknown}
 h - a scroll of identify
 j - a scroll of enchant armour {unknown}
 r - a scroll of magic mapping
 y - a scroll of immolation {unknown}
 A - 3 scrolls of enchant weapon
Potions
 a - a potion of heal wounds {unknown}
 f - 4 potions of mutation {unknown}
 i - a potion of might {unknown}
 l - 4 potions of curing
 m - 2 potions of attraction {unknown}
 n - 4 potions of berserk rage
 s - a potion of resistance {unknown}
 u - 2 potions of ambrosia {unknown}
 v - a potion of cancellation {unknown}
 w - 2 potions of magic {unknown}
 x - 2 potions of haste {unknown}
 z - 2 potions of flight {unknown}
 B - 3 potions of lignification {unknown}
 C - a potion of brilliance {unknown}
 J - a potion of degeneration {unknown}


   Skills:
 * Level 12.5 Fighting
 + Level 10.5(12.1) Axes
 + Level 9.7(11.7) Maces & Flails
 + Level 10.5 Armour
 * Level 9.0 Dodging
 * Level 7.3 Stealth
 * Level 7.0 Evocations


You had 11 spell levels left.
You didn't know any spells.
Your spell library was empty.

Dungeon Overview and Level Annotations

Branches:
Dungeon (15/15)            Temple (0/1) D:6            Lair (0/6) D:8
    Orc (0/2) D:10
 Vaults: D:13-14     Depths: D:15

Altars:
Fedhas
Kikubaaqudgha
Makhleb
Trog

Shops:
D:10 *

Annotations:
D:13 Nessos


Innate Abilities, Weirdness & Mutations

You have a pair of horns on your head.
You reflexively headbutt those who attack you in melee.


Message History

Nessos shoots an arrow.
The arrow hits you! The arrow burns you.
You are poisoned.
Nessos shoots an arrow.
The arrow hits you! The arrow burns you!
Nessos gestures wildly while chanting.
Nessos blinks!
You feel very sick.
Nessos shoots an arrow.
The arrow closely misses you.
Your skin crawls.
You feel strong-willed.
You feel sick.
Nessos stands on their hind legs for a moment.
Nessos shoots an arrow.
The arrow hits you!! The arrow burns you.
You are more poisoned.
Nessos shoots an arrow.
The arrow hits you!
* * * LOW HITPOINT WARNING * * *
The arrow burns you.
You are lethally poisoned!
* * * LOW HITPOINT WARNING * * *
Blink to where?
Press: ? - help, Dir - move target A cyclops comes into view.
As you read the scroll labelled TONAOH CUTIYS, it crumbles to dust.
It was a scroll of blinking.
* * * LOW HITPOINT WARNING * * *
You feel extremely sick.
The cyclops shouts!
Nessos shoots an arrow.
The arrow barely misses you.
Nessos gestures wildly while chanting.
Nessos blinks!
Blink to where?
Press: ? - help, Dir - move target
As you read the scroll of blinking, it crumbles to dust.
* * * LOW HITPOINT WARNING * * *
You feel extremely sick.
* * * LOW HITPOINT WARNING * * *
You feel extremely sick.
Nessos shoots an arrow.
The arrow closely misses you. The cyclops closely misses you.
A mysterious force pulls you upwards. The hatch slams shut behind you.
You die...

######
#....#######
#..@.......####
#..C.⌠...≈≈...#
#..#....≈≈≈≈..#
#[.##..≈≈≈≈...#
#..##...≈≈≈≈..#
#..#..≈≈≈≈≈...#
#..#.≈........#
#..#._.....⌠..#
#..#....##....#
##


You could see a cyclops.

Vanquished Creatures
  2 boulder beetles
  A vault guard (D:13)
  A hydra (D:13)
  The ghost of ImmortalDragon the Protected, a journeyman GrGl of Okawaru (D:11)
  3 centaur warriors
  6 two-headed ogres
  Nergalle (D:10)
  4 skeletal warriors (D:11)
  A wizard (D:14)
  A deep elf pyromancer (D:13)
  2 ugly things
  A salamander (shapeshifter) (D:13)
  A cyclops (D:13)
  A komodo dragon (D:8)
  2 unseen horrors
  A yaktaur (shapeshifter) (D:14)
  4 trolls
  A hornet (D:14)
  3 shadows
  Sigmund (D:2)
  A vampire (D:11)
  4 wraiths
  A human (shapeshifter) (D:13)
  3 wyverns (D:8)
  5 yaks (D:12)
  A steam dragon (D:7)
  A basilisk (D:8)
  4 vampire mosquitoes (D:11)
  Menkaure (D:7)
  5 acid dragons
  A hornet zombie (D:8)
  2 water moccasins
  6 orc warriors
  6 ogres
  4 ice beasts
  2 necrophages
  10 centaurs
  A phantom (D:5)
  12 kobold brigands
  A gnoll sergeant (D:10)
  2 scorpions
  A water moccasin zombie (D:6)
  7 killer bees
  16 wights
  A howler monkey (D:8)
  4 hounds
  3 centaur zombies
  2 gnoll shamans
  Crazy Yiuf (D:2)
  4 orc priests
  A centaur skeleton (D:7)
  5 jellies
  A bullfrog skeleton (D:7)
  Jessica (D:2)
  4 iguanas
  Ijyb (D:3)
  Terence (D:2)
  6 orc wizards
  A howler monkey zombie (D:8)
  6 adders
  A howler monkey skeleton (D:7)
  13 gnolls
  A shadow imp (D:8)
  3 white imps
  2 ufetubi
  An adder skeleton (D:4)
  2 worms (D:3)
  A dart slug (D:4)
  19 orcs
  3 ball pythons
  3 bats
  7 endoplasms
  A giant cockroach (D:1)
  2 goblins
  7 hobgoblins
  6 quokkas
  4 frilled lizards
  58 kobolds
  3 rats
314 creatures vanquished.

Vanquished Creatures (collateral kills)
  2 orc wizards (D:10)
2 creatures vanquished.

Vanquished Creatures (others)
  11 fungi
  7 plants
18 creatures vanquished.

Grand Total: 334 creatures vanquished

Notes
Turn   | Place    | Note
-------+----------+-------------------------------------------
     0 | D:1      | cbfl8 the Minotaur Berserker began the quest for the Orb.
     0 | D:1      | Reached XP level 1. HP: 19/19 MP: 0/0
    29 | D:1      | Found a faded altar of an unknown god.
   201 | D:1      | Reached XP level 2. HP: 24/27 MP: 1/1
   355 | D:1      | Reached skill level 4 in Fighting
  1126 | D:2      | Noticed Jessica
  1129 | D:2      | Killed Jessica
  1130 | D:2      | Reached XP level 3. HP: 25/34 MP: 2/2
  1341 | D:2      | Found a runed translucent door.
  1342 | D:2      | Noticed Crazy Yiuf
  1343 | D:2      | Identified the +10 mace "Widowermaker" {drain, Dex+4}
  1516 | D:2      | Reached ** piety under Trog
  1695 | D:2      | Noticed Sigmund
  1702 | D:2      | Killed Sigmund
  1703 | D:2      | Reached skill level 5 in Fighting
  1703 | D:2      | Reached skill level 5 in Axes
  1703 | D:2      | Reached XP level 4. HP: 44/44 MP: 3/3
  1703 | D:2      | Reached XP level 5. HP: 50/50 MP: 4/4
  1805 | D:2      | Noticed Terence
  1815 | D:2      | Killed Terence
  2195 | D:2      | Killed Crazy Yiuf
  2196 | D:2      | Reached XP level 6. HP: 48/57 MP: 5/5
  2200 | D:2      | Identified the +3 mace "Acwyup" {vorpal, Will+ Str+3
                  | Stlth+}
  2755 | D:3      | Noticed Ijyb
  2758 | D:3      | Killed Ijyb
  2759 | D:3      | Reached skill level 6 in Fighting
  2913 | D:3      | Reached skill level 1 in Maces & Flails
  2913 | D:3      | Reached skill level 1 in Stealth
  2990 | D:3      | Reached *** piety under Trog
  3160 | D:3      | Reached skill level 1 in Evocations
  3160 | D:3      | Reached XP level 7. HP: 25/63 MP: 6/6
  4181 | D:4      | Found the +5 robe of Misfortune {Harm *Corrode *Slow EV+5}
  4573 | D:4      | Reached XP level 8. HP: 71/71 MP: 7/7
  5001 | D:5      | Entered Level 5 of the Dungeon
  5215 | D:5      | Reached skill level 7 in Fighting
  5357 | D:5      | Reached skill level 5 in Maces & Flails
  6034 | D:6      | Reached skill level 5 in Armour
  6036 | D:6      | Noticed an unseen horror
  6044 | D:6      | Killed an unseen horror
  6100 | D:6      | Reached XP level 9. HP: 77/80 MP: 8/8
  6202 | D:6      | Reached **** piety under Trog
  6215 | D:6      | Reached skill level 8 in Fighting
  6215 | D:6      | Reached skill level 5 in Dodging
  6536 | D:6      | Found a staircase to the Ecumenical Temple.
  6865 | D:7      | Noticed Menkaure
  6869 | D:7      | Killed Menkaure
  7128 | D:7      | Noticed a two-headed ogre
  7134 | D:7      | Killed a two-headed ogre
  7135 | D:7      | Reached skill level 9 in Fighting
  7135 | D:7      | Reached XP level 10. HP: 43/91 MP: 9/9
  7737 | D:7      | Found a burning altar of Makhleb.
  8506 | D:8      | Noticed a two-headed ogre
  8512 | D:8      | Killed a two-headed ogre
  9174 | D:8      | Found a staircase to the Lair.
  9654 | D:9      | Noticed a two-headed ogre
  9660 | D:9      | Killed a two-headed ogre
  9661 | D:9      | Reached skill level 5 in Stealth
  9661 | D:9      | Reached skill level 5 in Evocations
  9800 | D:9      | Noticed a centaur warrior
  9811 | D:9      | Killed a centaur warrior
 10119 | D:9      | Reached XP level 11. HP: 91/97 MP: 10/10
 10766 | D:10     | Entered Level 10 of the Dungeon
 10933 | D:10     | Noticed a two-headed ogre
 10940 | D:10     | Killed a two-headed ogre
 10941 | D:10     | Reached skill level 10 in Fighting
 11191 | D:10     | Found Ehiest's Blasphemy Boutique.
 11385 | D:10     | Reached ***** piety under Trog
 11856 | D:10     | Noticed Nergalle
 11882 | D:10     | Killed Nergalle
 12090 | D:10     | Noticed a two-headed ogre
 12095 | D:10     | Killed a two-headed ogre
 12370 | D:10     | Found a staircase to the Orcish Mines.
 13814 | D:11     | Noticed a white ugly thing
 13822 | D:11     | Killed a white ugly thing
 14298 | D:11     | Noticed a two-headed ogre
 14303 | D:11     | Noticed a boulder beetle
 14306 | D:11     | Killed a two-headed ogre
 14326 | D:11     | Killed a boulder beetle
 14455 | D:11     | Reached skill level 11 in Fighting
 15075 | D:11     | Found a blossoming altar of Fedhas.
 15110 | D:11     | Noticed a skeletal warrior
 15110 | D:11     | Noticed a skeletal warrior
 15111 | D:11     | Found a runed translucent gate.
 15111 | D:11     | Noticed a skeletal warrior
 15121 | D:11     | Killed a skeletal warrior
 15122 | D:11     | Reached XP level 12. HP: 110/110 MP: 11/11
 15128 | D:11     | Found a runed translucent gate.
 15129 | D:11     | Found a runed translucent gate.
 16075 | D:11     | Noticed ImmortalDragon's ghost (journeyman GrGl)
 16119 | D:11     | Killed ImmortalDragon's ghost
 16481 | D:12     | You fall into a shaft and drop 3 floors!
 16481 | D:15     | Entered Level 15 of the Dungeon
 16481 | D:15     | Noticed a centaur warrior
 16485 | D:15     | Killed a centaur warrior
 16644 | D:14     | Reached skill level 10 in Armour
 16720 | D:13     | Noticed a centaur warrior
 16732 | D:13     | Killed a centaur warrior
 17125 | D:14     | Reached skill level 10 in Axes
 18167 | D:12     | Reached skill level 12 in Fighting
 18248 | D:12     | Found an ancient bone altar of Kikubaaqudgha.
 18405 | D:13     | Noticed a four-headed hydra
 18417 | D:13     | Killed a four-headed hydra
 18425 | D:13     | Noticed a boulder beetle
 18438 | D:13     | Killed a boulder beetle
 18819 | D:13     | Noticed Nessos
 19157 | D:13     | Identified the +1 cloak of Filth {rC+ Will+ Int+3}
 19745 | D:13     | Noticed a vault guard
 19753 | D:13     | Killed a vault guard
 19756 | D:13     | Noticed an ice dragon
 19804 | D:13     | Found a bloodstained altar of Trog.
 19912 | D:13     | HP: 2/113 [poisoned by Nessos]
 19913 | D:12     | Succumbed to Nessos's poison

Illustrated notes

Levels and vault maps discovered:
D:1:      dpeg_arrival_rooms_c, layout_basic,
          shapermc_ecumenical_altar_acropolis, serial_forest,
          infiniplex_forest_clump_diagonal, infiniplex_forest_clump_small,
          infiniplex_forest_clump_curved, infiniplex_forest_clump_C,
          infiniplex_forest_end_2, infiniplex_forest_lined_2,
          infiniplex_forest_end_1, minmay_heptomino_o4
D:2:      layout_loops_corners, minivault_27, kennysheep_generic_room_2,
          uniq_terence, uniq_sigmund, uniq_crazy_yiuf_cottage, uniq_jessica
D:3:      minmay_goblin_kobold_castle, layout_loops_ring, uniq_ijyb
D:4:      layout_basic
D:5:      layout_loops_ring, amcnicky_mini_pool_medium
D:6:      layout_rooms, minmay_temple_entry_enclosed_plants
D:7:      layout_loops_ring, lemuel_doored_altar, uniq_menkaure
D:8:      minmay_polygon_palace, layout_basic, erik_lair_dragon
D:9:      layout_small_grid, kennysheep_generic_room_10
D:10:     layout_irregular_city, kennysheep_orc_monster_closet_entryway,
          grunt_ogre_cave, nicolae_evil_shop, uniq_nergalle
D:11:     layout_basic, gammafunk_ghost_spectres, minmay_misc_feat_more_columns,
          fedhas_altar_3
D:12:     layout_roguey, kiku_gazebo_pond_becter
D:13:     layout_rooms, david_vaults_4, trog_butcher_becter, uniq_nessos
D:14:     layout_small_grid, ebering_ghost_inner_flame, chequers_garden,
          dk_noncrumbling_2, argonaut_gorgonesque
D:15:     hangedman_depths_entry_civil_slaughter, layout_irregular_city,
          nzn_wu_jian_contemplation

Skill      XL: |  1  2  3  4  5  6  7  8  9 10 11 12 |
---------------+-------------------------------------+-----
Fighting       | 4 5 6 7 9 11 12 | 12.5
Axes           | 4 5 6 8 10 | 10.5
Armour         | 3 4 5 6 8 9 10 | 10.5
Dodging        | 3 4 5 6 8 9 |  9.0
Maces & Flails | 2 4 6 8 9 |  9.7
Stealth        | 1 2 3 4 5 6 7 |  7.3
Evocations     | 1 3 4 5 6 7 |  7.0

Action                   |  1- 3 |  4- 6 |  7- 9 | 10-12 || total
-------------------------+-------+-------+-------+-------++-------
Melee: Hand axe          |    50 |    16 |       |       ||    66
       Headbutt          |     8 |    11 |    32 |   126 ||   177
       Mace              |       |    54 |   163 |    92 ||   309
       Broad axe         |       |       |       |    17 ||    17
       Battleaxe         |       |       |       |   379 ||   379
Invok: Berserk           |     1 |       |     2 |    23 ||    26
       Trog's Hand       |       |       |       |     1 ||     1
Evoke: Wand              |       |       |       |    17 ||    17
  Use: Scroll            |       |       |       |    16 ||    16
       Potion            |       |       |       |     1 ||     1
Armor: Animal skin       |     2 |       |       |       ||     2
       Ring mail         |     8 |    13 |    20 |       ||    41
       Chain mail        |       |       |    15 |       ||    15
       Plate armour      |       |       |    39 |   375 ||   414
Dodge: Dodged            |    28 |    47 |    91 |   290 ||   456
